 Dungeon Crawl Stone Soup version 0.28.0 (webtiles) character file.

Game seed: 6790624149280844127

50 zeram the Ducker (level 3, -3/26 HPs)
             Began as an Octopode Fighter on Feb 5, 2022.
             Slain by a gnoll (7 damage)
             ... on level 2 of the Dungeon.
             The game lasted 00:01:34 (1181 turns).

zeram the Ducker (Octopode Fighter)                 Turns: 1181, Time: 00:01:35

Health: -3/26      AC:  1    Str: 15    XL:     3   Next: 79%
Magic:  3/3        EV: 13    Int: 12    God:
Gold:   17         SH:  4    Dex: 11    Spells: 2/2 levels left

rFire   . . .      SeeInvis .   f - +0 dagger
rCold   . . .      Faith    .   b - +0 buckler
rNeg    . . .      Spirit   .   (helmet restricted)
rPois   .          Reflect  .   (no amulet)
rElec   .          Harm     .   (no ring)
rCorr   .          Rampage  .   (no ring)
Will    .....                   (no ring)
Stlth   ++........              (no ring)
HPRegen 0.08/turn               (no ring)
MPRegen 0.08/turn               (no ring)
                                (no ring)
                                (no ring)

@: no status effects
A: almost no armour, amphibious, 8 rings, camouflage 1, gelatinous body 1,
(nimble swimmer 1), tentacles
a: no special abilities


You were on level 2 of the Dungeon.
You visited 1 branch of the dungeon, and saw 2 of its levels.

You collected 17 gold pieces.

Inventory:

Hand Weapons
 a - a +0 rapier
 f - a +0 dagger (weapon)
Armour
 b - a +0 buckler (worn)
Potions
 c - a potion of might
 e - a potion of cancellation
 g - a potion of mutation {unknown}


   Skills:
 - Level 3.0 Fighting
 + Level 2.7 Short Blades
 + Level 3.7 Dodging
 + Level 0.6 Stealth
 + Level 3.4 Shields


You had 2 spell levels left.
You didn't know any spells.
Your spell library was empty.

Dungeon Overview and Level Annotations

Branches:
Dungeon (2/15)

Altars:


Innate Abilities, Weirdness & Mutations

You cannot wear most types of armour.
You are amphibious.
You can wear up to eight rings at the same time.
Your skin changes colour to match your surroundings (Stealth+).
Your rubbery body absorbs attacks. (AC +1, EV +1)
((You are camouflaged when in or above water. (Stealth+)))
You have tentacles for arms and can constrict up to eight enemies at once.


Message History

It is a scroll of identify.
e - a potion of cancellation You climb downwards.
You block the jackal's attack. The jackal closely misses you.
There is a stone staircase leading up here.
You block the jackal's attack. x2
You climb upwards.
There is a stone staircase leading down here.
You barely miss the jackal. Your grab misses the jackal.
You block the jackal's attack.
You closely miss the jackal. Your grab misses the jackal.
The jackal misses you.
You hit the jackal but do no damage. You grab the jackal.
You squeeze the jackal.
The jackal is severely wounded.
You constrict the jackal. The jackal bites you.
You hit the jackal but do no damage.
The jackal is almost dead.
You constrict the jackal.
You kill the jackal!
You start resting.
HP restored.
You climb downwards.
There is a stone staircase leading up here.
The gnoll hits you from afar with a +0 spear.
You block the gnoll's attack. The gnoll hits you with a +0 spear!
The gnoll hits you with a +1 spear of distortion!
You blink.
You are too injured to fight recklessly!
Unknown command.
You aren't carrying any scrolls.
Unknown command.
Okay, then.
Okay, then.
The gnoll hits you from afar with a +0 spear.
* * * LOW HITPOINT WARNING * * *
There is a stone staircase leading up here.
The gnoll hits you from afar with a +0 spear!
You die...

###.# #.# .# ###.#
#.# ###.### .##.# #.#
#.....# .##.# #.#
#.....# .##.#### #.#
#.....#
...h##.###.####.....#
.#....#>J...J##.....#
....g..#####h###.####
.#.##### #.# #@# .#.#
#h###.# .#.# #.Jgg.#
.#.# #..J### ..#.
##..# # # #..# #..#
#..# #..#


You could see a gnoll and an endoplasm.

Vanquished Creatures
  A gnoll (D:2)
  A worm (D:2)
  A dart slug (D:1)
  4 ball pythons (D:1)
  3 endoplasms (D:1)
  4 goblins (D:1)
  5 hobgoblins (D:1)
  2 jackals (D:1)
  A quokka (D:2)
  A bat (D:1)
  6 kobolds (D:1)
  2 rats (D:1)
31 creatures vanquished.

Notes
Turn   | Place    | Note
-------+----------+-------------------------------------------
     0 | D:1      | zeram the Octopode Fighter began the quest for the Orb.
     0 | D:1      | Reached XP level 1. HP: 16/16 MP: 1/1
    54 | D:1      | Reached XP level 2. HP: 11/21 MP: 2/2
   518 | D:1      | Reached XP level 3. HP: 22/26 MP: 3/3
  1181 | D:2      | Slain by a gnoll

Illustrated notes

Levels and vault maps discovered:
D:1:      tarquinn_simple_flora_water_a, layout_rooms,
          chequers_serial_rivers_micro_b, minmay_misc_feat_ornament
D:2:      layout_loops_ring, shapermc_ecumenical_altar_mp_ritualfount

Action                   || total
-------------------------++-------
Melee: Rapier            ||    38
       Constrict         ||    15
       Tentacles         ||    12
       Dagger            ||    12
  Use: Scroll            ||     1
 Stab: Sleeping          ||     3
Armor: Skin              ||     1
Dodge: Dodged            ||    22
Block: Buckler           ||    13
